AoeStats
← hilsonyip

Arena

510485478Analyzed
2v2 RM · 1d ago on Oct 1, 2026· 46m 29s· 4 players
Game mode
Random Map
Map size
Medium (4 player)
Population
200
Speed
Normal
Resources
Standard
Victory
Conquest
Starting age
Dark Age
Ending age
Imperial Age
RankedLock teamsTeams togetherTeam positionsShared explorationLock speedFull tech treeHidden civsTurbo modeCheats
Victory
Defeat
🇦🇷 Mongols · Argentina
973
+12
🇧🇪 Franks · Belgium
857
+17
🇺🇸 Khmer · United States
901
-15
🇮🇱 Lithuanians · Israel
860
-14
Hello
11:44 Feudal Age
12:15 Horse Collar
12:30 Gold Mining
12:28 Double-Bit Axe
13:30 Stone Mining
14:46 Horse Collar
19:07 Castle Age
18:59 Wheelbarrow
21:42 Bow Saw
22:04 Heavy Plow
23:58 Scale Barding Armor
24:03 Forging
26:58 Chain Barding Armor
31:15 Hand Cart
33:55 Imperial Age
33:30 Husbandry
33:41 Bloodlines
35:08 Elite Leitis
36:34 Stone Shaft Mining
37:05 Iron Casting
38:04 Elite Skirmisher
39:34 Plate Barding Armor
snacks165x
11:42 Feudal Age
13:35 Double-Bit Axe
13:38 Horse Collar
15:12 Stone Mining
18:05 Castle Age
16:01 Gold Mining
19:15 Bow Saw
19:11 Town Watch
25:23 Pikeman
26:47 Ballistics
27:26 Wheelbarrow
27:41 Husbandry
28:33 Fletching
29:09 Hand Cart
33:31 Imperial Age
34:21 Heavy Plow
35:02 Gold Shaft Mining
35:03 Stone Shaft Mining
35:32 Chemistry
34:38 Siege Engineers
34:58 Conscription
34:21 Capped Ram
35:13 Double Crossbow
35:19 Loom
35:35 Town Patrol
35:57 Caravan
35:21 Siege Ram
37:03 Halberdier
40:23 Elite Skirmisher
43:21 Bloodlines
42:33 Light Cavalry
43:55 Masonry
the wuiten from Hamme
3:20 Loom
14:32 Feudal Age
16:38 Forging
16:55 Gold Mining
16:56 Double-Bit Axe
17:42 Scale Mail Armor
18:16 Man-at-Arms
21:15 Scale Barding Armor
27:04 Castle Age
26:09 Wheelbarrow
27:07 Pikeman
28:25 Stone Mining
28:52 Bow Saw
28:48 Squires
29:29 Chain Mail Armor
29:27 Gambesons
30:48 Iron Casting
32:36 Hand Cart
32:21 Fletching
34:05 Caravan
36:00 Town Watch
39:20 Imperial Age
37:28 Chain Barding Armor
37:51 Bodkin Arrow
37:56 Elite Skirmisher
38:40 Padded Archer Armor
38:09 Ordonnance Companies
39:36 Husbandry
40:27 Leather Archer Armor
42:22 Hoardings
41:44 Halberdier
43:32 Plate Mail Armor
44:21 Cavalier
46:06 Blast Furnace
46:34 Plate Barding Armor
hilsonyip
4:39 Loom
11:04 Feudal Age
15:43 Castle Age
13:45 Double-Bit Axe
17:27 Horse Collar
21:12 Wheelbarrow
21:20 Town Watch
29:10 Imperial Age
27:53 Bloodlines
28:33 Padded Archer Armor
28:24 Fletching
28:36 Husbandry
29:14 Gold Mining
30:33 Light Cavalry
31:29 Leather Archer Armor
31:10 Bodkin Arrow
32:04 Forging
31:59 Scale Barding Armor
32:41 Conscription
33:11 Elite Mangudai
34:33 Heavy Plow
34:43 Bow Saw
36:41 Parthian Tactics
37:20 Chemistry
36:41 Ballistics
36:09 Hussar
39:26 Masonry
41:57 Stone Mining
44:28 Atonement
44:24 Herbal Medicine
45:07 Gold Shaft Mining
45:09 Stone Shaft Mining
Connection lost

Rejoining the realm…

Still unreachable

The connection could not be restored.

Session expired

The server has moved on; the page needs a fresh start.